AoeStats
← 落花之情

Nomad

503648389Analyzed
4v4 RM · 1mo ago on Sep 1, 2026· 50m 42s· 8 players
Game mode
Random Map
Map size
231×231
Population
200
Speed
Normal
Resources
Standard
Victory
Conquest
Starting age
Dark Age
Ending age
Imperial Age
RankedLock teamsTeams togetherTeam positionsShared explorationLock speedFull tech treeHidden civsTurbo modeCheats
Victory
Defeat
🇭🇰 Japanese · Hong Kong SAR China
1700
+16
🇭🇰 Magyars · Hong Kong SAR China
1671
+17
1663
+18
🇨🇳 Slavs · China
1588
+21
🇩🇪 Burmese · Germany
1806
-23
🇺🇸 Hindustanis · United States
1705
-18
🇨🇦 Persians · Canada
1693
-18
🇮🇩 Teutons · Indonesia
1594
-13
trói em vào cột điện
12:39 Feudal Age
10:56 Loom
16:25 Castle Age
15:18 Double-Bit Axe
15:58 Loom
16:12 Fletching
17:19 Medium Warships
17:46 Bow Saw
20:56 Bodkin Arrow
22:36 Horse Collar
26:50 Wheelbarrow
29:55 Heavy Plow
33:49 Imperial Age
31:27 Gold Mining
31:28 Stone Mining
32:28 Hand Cart
33:21 Padded Archer Armor
34:53 Conscription
33:56 Capped Ram
34:56 Bracer
35:59 Chemistry
35:19 Ballistics
37:03 Leather Archer Armor
37:07 Elite Genoese Crossbowman
38:24 Thumb Ring
38:57 Stone Shaft Mining
40:20 Ring Archer Armor
40:49 Coinage
42:16 Squires
42:01 Arson
42:17 Scale Mail Armor
43:26 Chain Mail Armor
43:53 Banking
43:24 Caravan
43:36 Guilds
45:16 Plate Mail Armor
44:57 Forging
45:24 Crop Rotation
44:42 Town Watch
47:05 Bombard Tower
46:56 Masonry
46:26 Treadmill Crane
47:59 Silk Road
49:29 Hoardings
49:48 Architecture
48:59 Treadmill Crane
Morris=w=
5:02 Loom
13:32 Feudal Age
14:59 Double-Bit Axe
19:33 Castle Age
18:31 Fishing Lines
20:30 Medium Warships
20:42 Bow Saw
22:01 Horse Collar
26:15 Fletching
29:13 Bodkin Arrow
31:49 Corvinian Army
32:57 Scale Barding Armor
34:02 Bloodlines
34:05 Town Watch
35:44 Husbandry
36:53 Wheelbarrow
37:40 Chain Barding Armor
38:43 Hand Cart
42:13 Imperial Age
40:12 Padded Archer Armor
41:51 Thumb Ring
42:20 Elite Magyar Huszar
43:36 Parthian Tactics
44:06 Plate Barding Armor
44:38 Chemistry
44:20 Conscription
44:13 Heavy Plow
44:40 Bracer
45:35 Ballistics
44:42 Heavy Cavalry Archer
45:27 Recurve Bow
48:08 Two-Man Saw
49:57 Crop Rotation
51:13 Leather Archer Armor
落花之情
7:26 Loom
13:03 Feudal Age
16:52 Castle Age
15:45 Town Watch
20:30 Fishing Lines
20:38 Double-Bit Axe
24:11 Wheelbarrow
26:02 Fletching
30:19 Bodkin Arrow
31:50 Hand Cart
33:16 Detinets
35:02 Hand Cart
35:57 Horse Collar
42:30 Scale Barding Armor
43:36 Chain Barding Armor
44:37 Forging
45:30 Bloodlines
45:20 Husbandry
46:12 Iron Casting
46:02 Heavy Plow
49:38 Imperial Age
49:23 Scale Mail Armor
49:12 Pikeman
49:52 Squires
49:12 Man-at-Arms
50:41 Chain Mail Armor
50:50 Conscription
50:42 Halberdier
Hui
11:21 Loom
13:45 Feudal Age
21:07 Castle Age
19:36 Double-Bit Axe
19:32 Horse Collar
20:45 Fletching
21:41 Town Watch
22:07 Bow Saw
24:21 Bow Saw
40:56 Wheelbarrow
43:34 Bodkin Arrow
44:57 Pikeman
45:37 Squires
45:38 Scale Mail Armor
45:49 Forging
46:11 Heavy Plow
46:28 Hand Cart
50:25 Imperial Age
48:32 Chain Mail Armor
48:13 Gambesons
48:15 Arson
49:34 Iron Casting
49:53 Gold Mining
49:54 Stone Mining
50:01 Guard Tower
50:31 Ballistics
49:52 Treadmill Crane
50:23 Masonry
50:36 Halberdier
50:36 Man-at-Arms
JMDDN
4:55 Loom
11:33 Feudal Age
12:24 Double-Bit Axe
13:57 Wheelbarrow
16:21 Fishing Lines
18:43 Gold Mining
19:48 Town Watch
27:09 Castle Age
27:48 Medium Warships
27:49 Bow Saw
34:55 Horse Collar
36:02 Gillnets
37:38 Bloodlines
37:29 Husbandry
38:34 Ballistics
40:49 Imperial Age
38:23 Fletching
39:34 Scale Barding Armor
39:40 Forging
40:24 Gold Shaft Mining
40:33 Hand Cart
40:40 Chain Barding Armor
40:58 Iron Casting
40:28 Cavalier
42:04 Plate Barding Armor
41:57 Savar
43:24 Citadels
43:43 Masonry
44:35 Blast Furnace
47:14 Stone Mining
48:11 Architecture
47:37 Bodkin Arrow
48:28 Murder Holes
Rossi
5:09 Loom
12:56 Feudal Age
16:53 Castle Age
15:40 Double-Bit Axe
15:52 Fletching
16:30 Gold Mining
17:59 Bow Saw
21:01 Wheelbarrow
22:46 Bodkin Arrow
39:40 Imperial Age
39:10 Scale Mail Armor
40:30 Chain Mail Armor
40:49 Hand Cart
41:42 Scale Barding Armor
42:47 Forging
44:31 Husbandry
Embege
4:26 Loom
13:16 Feudal Age
15:05 Fletching
21:54 Castle Age
22:12 Double-Bit Axe
22:07 Horse Collar
25:43 Bow Saw
27:40 Gold Mining
39:29 Wheelbarrow
39:08 Stone Mining
42:39 Elite Skirmisher
43:55 Bodkin Arrow
44:00 Padded Archer Armor
45:21 Ballistics
46:53 Leather Archer Armor
47:35 Forging
47:25 Scale Mail Armor
47:34 Pikeman
48:25 Squires
[o.p.]Oliver_Khan
10:31 Loom
12:54 Feudal Age
16:45 Castle Age
15:01 Horse Collar
26:46 Ballistics
28:43 Town Watch
30:38 Padded Archer Armor
35:47 Imperial Age
36:49 Wheelbarrow
37:33 Chemistry
40:10 Bloodlines
40:01 Husbandry
42:25 Siege Engineers
42:59 Conscription
44:05 Scale Mail Armor
44:15 Forging
45:54 Chain Mail Armor
45:48 Pikeman
46:28 Squires
46:54 Halberdier
Connection lost

Rejoining the realm…

Still unreachable

The connection could not be restored.

Session expired

The server has moved on; the page needs a fresh start.